AoeStats
← jajita

Arabia

507856446Analyzed
3v3 RM · 11d ago on Sep 20, 2026· 54m 54s· 6 players
Game mode
Random Map
Map size
Normal (6 player)
Population
200
Speed
Normal
Resources
Standard
Victory
Conquest
Starting age
Dark Age
Ending age
Imperial Age
RankedLock teamsTeams togetherTeam positionsShared explorationLock speedFull tech treeHidden civsTurbo modeCheats
Victory
Defeat
🇲🇽 Magyars · Mexico
1189
+15
1161
+16
🇲🇽 Maya · Mexico
1142
+17
🇺🇸 Khmer · United States
1184
-17
🇺🇸 Huns · United States
1175
-16
🇺🇸 Franks · United States
1145
-15
Jorge el glorioso maton
10:11 Feudal Age
8:28 Loom
17:34 Castle Age
20:35 Pikeman
25:37 Horse Collar
26:33 Scale Mail Armor
28:24 Double-Bit Axe
30:00 Forging
32:25 Padded Archer Armor
34:26 Fletching
37:40 Wheelbarrow
37:09 Heavy Plow
37:21 Bow Saw
42:15 Imperial Age
41:17 Gold Mining
41:29 Bodkin Arrow
41:50 Leather Archer Armor
44:23 Ring Archer Armor
43:54 Bracer
47:36 Hand Cart
48:23 Two-Man Saw
47:55 Crop Rotation
50:08 Chemistry
49:29 Ballistics
49:57 Elite Genoese Crossbowman
54:23 Stone Mining
iSlayerXtrem
6:32 Loom
9:32 Feudal Age
10:32 Double-Bit Axe
12:41 Wheelbarrow
20:22 Scale Barding Armor
22:51 Bloodlines
25:24 Castle Age
26:08 Husbandry
29:07 Gold Mining
32:54 Chain Barding Armor
34:42 Gold Shaft Mining
38:34 Stone Mining
44:44 Hand Cart
49:21 Imperial Age
51:05 Cavalier
53:06 Paladin
Chris Motovlogs
2:47 Loom
3:29 Loom
9:47 Feudal Age
11:23 Double-Bit Axe
11:22 Horse Collar
16:36 Wheelbarrow
19:05 Fletching
20:32 Gold Mining
21:43 Stone Mining
23:06 Padded Archer Armor
25:33 Castle Age
26:12 Bodkin Arrow
29:02 Pikeman
30:06 Scale Mail Armor
32:50 Thumb Ring
33:57 Crossbowman
36:22 Town Watch
40:33 Bow Saw
43:32 Imperial Age
44:24 Arbalester
45:35 Conscription
46:31 Bow Saw
46:27 Eagle Warrior
47:07 Elite Eagle Warrior
48:26 Chain Mail Armor
50:01 Ballistics
52:03 Bracer
52:34 Plate Mail Armor
52:15 Forging
52:24 Squires
53:28 Elite Plumed Archer
54:41 Holcans
Timdonesian
8:24 Loom
10:43 Feudal Age
25:31 Double-Bit Axe
25:29 Horse Collar
30:37 Castle Age
30:58 Elite Skirmisher
31:30 Fletching
35:49 Padded Archer Armor
35:45 Bodkin Arrow
36:57 Leather Archer Armor
40:47 Bow Saw
41:46 Bloodlines
41:40 Marauders
42:27 Heavy Plow
43:35 Forging
43:31 Scale Barding Armor
48:39 Iron Casting
49:01 Chain Barding Armor
53:18 Murder Holes
jajita
8:41 Feudal Age
8:37 Loom
9:27 Double-Bit Axe
14:11 Horse Collar
20:25 Castle Age
18:34 Gold Mining
20:02 Bloodlines
20:55 Scale Barding Armor
21:21 Bow Saw
22:31 Husbandry
24:31 Chain Barding Armor
29:22 Heavy Plow
31:46 Forging
34:29 Iron Casting
33:49 Town Watch
34:40 Wheelbarrow
36:23 Fletching
49:06 Imperial Age
49:12 Cavalier
50:33 Plate Barding Armor
50:43 Hand Cart
51:51 Blast Furnace
54:20 Double Crossbow
54:41 Conscription
nakal
6:37 Loom
9:57 Feudal Age
12:38 Town Watch
14:49 Forging
19:01 Wheelbarrow
19:04 Double-Bit Axe
24:08 Castle Age
22:31 Scale Barding Armor
24:55 Man-at-Arms
25:36 Squires
25:22 Arson
25:59 Bow Saw
28:12 Hand Cart
28:17 Long Swordsman
51:06 Iron Casting
50:52 Chain Barding Armor
54:09 Scale Mail Armor
53:57 Pikeman
Connection lost

Rejoining the realm…

Still unreachable

The connection could not be restored.

Session expired

The server has moved on; the page needs a fresh start.